 Dungeon Crawl Stone Soup version 0.28-a0-261-gc0b50483a2 (webtiles) character file.

Game seed: 1509530821660441118

157749 sdmvl the Destroyer (level 17, -10/106 HPs)
             Began as a Gargoyle Earth Elementalist on Aug 26, 2021.
             Was the Champion of Vehumet.
             Mangled by Frances (16 damage)
             ... on level 1 of the Shoals on Aug 27, 2021.
             The game lasted 01:38:52 (34309 turns).

sdmvl the Destroyer (Gargoyle Earth Elementalist)  Turns: 34309, Time: 01:38:53

Health: -10/106    AC: 28    Str: 15    XL:     17   Next: 70%
Magic:  8/41       EV: 16    Int: 20    God:    Vehumet [******]
Gold:   5029       SH:  0    Dex: 14    Spells: 13/38 levels left

rFire   + + +      SeeInvis +   F - +7 great mace "Firestarter" {inner flame, rF++}
rCold   + + .      Faith    .   (shield currently unavailable)
rNeg    + . .      Spirit   .   e - +2 robe {rC+ rF+}
rPois   ∞          Reflect  .   T - +1 hat "Tahoofak" {Fly rF++ rC+ Regen+}
rElec   +          Harm     .   P - +2 cloak {Will+}
rCorr   .          Rampage  .   l - +2 pair of gloves
Will    +++..                   W - +2 pair of boots
Stlth   ++........              a - amulet of the acrobat
HPRegen 1.27/turn               S - ring of Zejet {Will+ Dex+4 Slay+4 SInv}
MPRegen 0.27/turn               z - ring of magical power

@: flying
A: sickness immunity, AC +12, big wings, negative energy resistance 1,
electricity resistance, torment resistance 1, petrification resistance, horns 1,
fire resistance 1
a: Renounce Religion


You were on level 1 of the Shoals.
You worshipped Vehumet.
Vehumet was exalted by your worship.
You visited 6 branches of the dungeon, and saw 28 of its levels.
You also visited: Gauntlet, Ice Cave and Volcano.

You collected 6569 gold pieces.
You spent 1540 gold pieces at shops.

Inventory:

Hand Weapons
 B - a +3 flail of venom
 F - the +7 great mace "Firestarter" (weapon) {inner flame, rF++}
   (You found it on level 6 of the Lair of Beasts)

   It burns those it strikes, dealing additional fire damage.
   It fills those it strikes with an explosive inner flame.
   It grants immunity to clouds of flame.
   rF:        It greatly protects you from fire.
 N - the +8 whip "Gaigasul" {flame, Will+ rCorr}
   (You took it off an orc on level 9 of the Dungeon)

   It burns those it strikes, dealing additional fire damage.
   rCorr:     It protects you from acid and corrosion.
   Will:      It increases your willpower.
Missiles
 c - 684 stones
 y - 8 throwing nets
Armour
 e - a +2 robe of resistance (worn)
 l - a +2 pair of gloves (worn)
 P - a +2 cloak of willpower (worn)
 T - the +1 hat "Tahoofak" (worn) {Fly rF++ rC+ Regen+}
   (You found it in a Gauntlet)

   rF:        It greatly protects you from fire.
   rC:        It protects you from cold.
   Fly:       It grants you flight.
   Regen:     It increases your rate of health regeneration.
 W - a +2 pair of boots (worn)
Jewellery
 a - an amulet of the acrobat (around neck)
 z - a ring of magical power (right hand)
 I - a ring of wizardry
 J - a ring of resist corrosion
 S - the ring of Zejet (left hand) {Will+ Dex+4 Slay+4 SInv}
   (You acquired it in a Gauntlet)

   [ring of slaying]

   Dex:       It affects your dexterity (+4).
   Slay:      It affects your accuracy & damage with ranged weapons and melee
   (+4).
   SInv:      It lets you see invisible.
   Will:      It increases your willpower.
 X - the ring of Ridu {*Corrode rElec MP+9 EV+4 Str+3}
   (You found it in a volcano)

   [ring of evasion]

   EV:        It affects your evasion (+4).
   Str:       It affects your strength (+3).
   rElec:     It insulates you from electricity.
   MP:        It affects your magic capacity (+9).
   *Corrode:  It may corrode you when you take damage.
Wands
 b - a wand of polymorph (35)
 n - a wand of digging (2)
 s - a wand of mindburst (34)
 t - a wand of charming (18)
 w - a wand of paralysis (27)
 G - a wand of iceblast (6)
 U - a wand of flame (28)
Scrolls
 f - 2 scrolls of enchant weapon
 k - 5 scrolls of immolation
 m - a scroll of blinking
 p - a scroll of summoning
 u - 6 scrolls of amnesia
 v - 8 scrolls of fear
 x - 2 scrolls of fog
 A - a scroll of brand weapon
 D - 15 scrolls of teleportation
 O - 3 scrolls of magic mapping
 R - a scroll of identify
 V - a scroll of holy word
Potions
 d - 12 potions of curing
 g - 3 potions of brilliance
 h - 5 potions of might
 i - 4 potions of lignification
 j - 9 potions of ambrosia
 o - 7 potions of haste
 q - a potion of resistance
 r - a potion of heal wounds
 C - a potion of cancellation
 E - 3 potions of mutation
 H - a potion of invisibility
 L - a potion of berserk rage
Miscellaneous
 M - a lightning rod (3/4)
 Q - a phial of floods (inert)


   Skills:
 + Level 11.9 Fighting
 + Level 10.9 Maces & Flails
 - Level 6.0 Armour
 + Level 9.5 Dodging
 - Level 2.1 Stealth
 + Level 11.4 Spellcasting
 + Level 14.6 Conjurations
 - Level 0.7 Transmutations
 * Level 5.4 Fire Magic
 + Level 14.5 Earth Magic
 - Level 10.0 Evocations


You had 13 spell levels left.
You knew the following spells:

 Your Spells              Type           Power      Damage    Failure   Level
a - Sandblast             Erth           100%       2d20      0%          1
b - Stone Arrow           Conj/Erth      100%       3d13      1%          3
c - Lee's Rapid Deconstr  Erth           31%        3d17*     1%          5
d - Iron Shot             Conj/Erth      31%        9d6       1%          6
e - Bolt of Magma         Conj/Fire/Erth 27%        4d13      1%          5
f - Irradiate             Conj/Tmut      21%        3d20      1%          5

Your spell library contained the following spells:

 Spells                   Type           Power      Damage    Failure   Level
 Eringya's Noxious Bog    Tmut/Pois      6%         N/A       86%         6
 Searing Ray              Conj           100%       3d7       0%          2
 Foxfire                  Conj/Fire      100%       2x1d9     1%          1
 Shock                    Conj/Air       100%       1d9       1%          1
 Passwall                 Tmut/Erth      35%        N/A       1%          2
 Static Discharge         Conj/Air       40%        N/A       1%          2
 Conjure Flame            Conj/Fire      51%        6-21      1%          3
 Dazzling Flash           Conj/Hex       80%        N/A       1%          3
 Inner Flame              Hex/Fire       22%        N/A       1%          3
 Iskenderun's Mystic Bla  Conj/Tloc      40%        2d9       1%          4
 Iskenderun's Battlesphe  Conj           63%        2d11      1%          5
 Poisonous Vapours        Pois/Air       22%        N/A       2%          2
 Petrify                  Tmut/Erth      42%        N/A       2%          4
 Orb of Destruction       Conj           31%        9d12      3%          7
 Animate Skeleton         Necr           22%        N/A       6%          1
 Pain                     Necr           44%        1d6       6%          1
 Freezing Cloud           Conj/Ice/Air   15%        6-21      6%          5
 Corpse Rot               Necr/Air       N/A        N/A       9%          2
 Ozocubu's Armour         Ice            11%        N/A       19%         3
 Portal Projectile        Hex/Tloc       22%        N/A       19%         3
 Vampiric Draining        Necr           5%         2d6       19%         3
 Agony                    Necr           11%        N/A       86%         5
 Manifold Assault         Tloc           11%        N/A       86%         5
 Metabolic Englaciation   Hex/Ice        5%         N/A       86%         5
 Silence                  Hex/Air        5%         N/A       86%         5
 Shatter                  Erth           31%        3d26*     97%         9
 Simulacrum               Ice/Necr       5%         N/A       100%        6
 Ozocubu's Refrigeration  Ice            5%         4d6       100%        7


Dungeon Overview and Level Annotations

Branches:
Dungeon (15/15)            Temple (1/1) D:5            Lair (6/6) D:10
 Shoals (1/4) Lair:3        Snake (3/4) Lair:2        Slime (0/5) Lair:6
    Orc (2/2) D:9             Elf (0/3) Orc:2        Vaults (0/5) D:13
 Depths (0/5) D:15          IceCv (visited)         Volcano (visited)
Gauntlet (visited)

Altars:
Ashenzari
Cheibriados
Dithmenos
Elyvilon
Fedhas
Gozag
Hepliaklqana
Kikubaaqudgha
Makhleb
Nemelex Xobeh
Okawaru
Qazlal
Ru
Sif Muna
Trog
Uskayaw
Vehumet
Wu Jian
Xom
Yredelemnul
Zin
The Shining One
Beogh
Jiyva

Shops:
D:2 *   Orc:2 :(*[   Snake:1 :[:=(   Snake:3 !

Annotations:
Lair:4 1 runed translucent door, FIQ's ghost, journeyman DjFE
Lair:5 2 transporters, Colgate's ghost, journeyman HOBe
Shoals:1 Frances


Innate Abilities, Weirdness & Mutations

You are immune to sickness and miasma.
Your stone body is resilient. (AC +12)
You are immune to poison.
Your large and strong wings let you fly.
You resist negative energy. (rN+)
You are resistant to electric shocks. (rElec)
You are resistant to unholy torment.
You are immune to petrification.
You have a pair of small horns on your head.
Your flesh is heat resistant. (rF+)


Message History

Frances is engulfed in blazing flames.
Flame seeps out of Frances.
Frances completely misses you.
Unknown command.
Unknown command.
Unknown command.
Unknown command.
Unknown command.
You sock Frances!
Flame seeps out of Frances.
You burn Frances.
Flame seeps out of Frances. x2; You headbutt Frances.
Frances is severely wounded.
The smoke demon is no longer waterlogged.
The smoke demon barely misses you. x2; The smoke demon completely misses you.
The chaos spawn barely misses you.
The ynoxinul is engulfed in a cloud of scalding steam.
The ynoxinul gestures at you. The iron shot hits you.
* * * LOW HITPOINT WARNING * * *
Frances is engulfed in blazing flames.
Flame seeps out of Frances.
Frances hits you with a +0 halberd!
* * * LOW HITPOINT WARNING * * *
Unknown command.
You hit Frances.
Flame seeps out of Frances.
Frances is severely wounded.
The smoke demon barely misses you.
The smoke demon hits you but does no damage.
The smoke demon misses you. The chaos spawn completely misses you.
The ynoxinul hits you but does no damage.
Frances is engulfed in blazing flames.
Flame seeps out of Frances.
Frances hits you with a +0 halberd!!
* * * LOW HITPOINT WARNING * * *
Unknown command.
You bludgeon Frances!!
Flame seeps out of Frances.
You burn Frances.
Flame seeps out of Frances.
Frances is almost dead.
The smoke demon barely misses you. The smoke demon closely misses you.
The smoke demon hits you but does no damage.
The ynoxinul hits you but does no damage.
The chaos spawn barely misses you.
Frances is engulfed in blazing flames.
Flame seeps out of Frances.
Frances hits you with a +0 halberd!
You die...

≈≈≈≈≈≈≈≈≈≈≈≈≈≈≈## #..≈≈≈
≈≈≈≈≈≈≈≈≈≈≈≈≈≈..#####..≈≈≈
≈≈≈≈≈≈≈≈≈≈≈≈≈≈....##..≈≈≈≈
≈≈≈≈≈≈≈≈≈≈≈≈≈≈≈≈≈≈..≈≈≈≈≈≈
≈≈≈≈≈≈≈≈≈≈≈≈≈≈≈≈≈≈≈≈.≈≈≈≈≈
.≈≈≈≈≈≈≈≈≈≈≈≈≈≈≈≈≈≈..≈≈≈≈≈
....≈≈≈≈≈≈≈≈≈≈≈≈≈≈≈≈≈≈≈≈≈≈
.#....≈≈334≈≈≈≈≈≈≈≈≈≈≈≈≈≈≈
.......).@≈≈≈≈≈≈≈≈..≈≈...≈
.......≈.@≈≈≈≈≈≈...≈≈≈.≈..
.......≈..≈≈≈... .....
......≈....≈≈..#
.....$.........# ... #.
.....).....!...# #..###.
....:.........## #....≈≈
.........≈≈....###..[.≈≈
......≈≈≈≈


You could see Frances (inner flame, resistant, waterlogged), a smoke demon
(summoned), a ynoxinul (summoned, waterlogged) and a chaos spawn (summoned).

Vanquished Creatures
  Nikola (Snake:3)
  Roxanne (Shoals:1)
  An orc warlord (Orc:2)
  A caustic shrike skeleton (D:15)
  A minotaur (Gauntlet)
  A dire elephant (Lair:6)
  Josephine (Orc:1)
  Snorg (Lair:6)
  A great orb of eyes (Gauntlet)
  An ice dragon (IceCv)
  8 hydras
  9 naga warriors
  6 boulder beetles
  Harold (D:7)
  A vault guard (D:13)
  A catoblepas (D:15)
  A rakshasa (D:14)
  2 death knights
  An ogre mage (D:15)
  A centaur warrior (D:9)
  8 anacondas
  8 two-headed ogres
  A tengu warrior (D:15)
  8 naga sharpshooters
  3 orc high priests (Orc:2)
  A titan zombie (D:15)
  A deep elf knight (D:13)
  4 sixfirhies (Gauntlet)
  A salamander mystic (Snake:3)
  2 skeletal warriors
  2 sea snakes
  A deep elf archer (Volcano)
  3 naga ritualists
  A flayed ghost (D:9)
  A phantasmal warrior (D:15)
  2 necromancers
  5 orc knights
  9 deep elf pyromancers
  3 wizards (D:13)
  6 mana vipers (Snake:1)
  2 oklob plants (Lair:6)
  A wolf spider (Lair:6)
  3 fauns (Shoals:1)
  5 orc sorcerers
  7 ugly things
  3 manticores
  A frost giant zombie (D:15)
  4 elephants (Lair:6)
  2 guardian serpents
  2 merfolk sirens (Shoals:1)
  8 naga magi
  2 ice statues (IceCv)
  26 black mambas
  5 cyclopes
  A salamander (Snake:1)
  Joseph (D:7)
  The ghost of anet the Covert, a novice GnDe (D:5)
  15 cane toads
  3 gargoyles
  2 torpor snails
  6 rime drakes
  2 kobold demonologists
  5 freezing wraiths
  10 komodo dragons
  A guardian mummy (D:15)
  2 trolls
  2 merfolk (Shoals:1)
  11 polar bears
  2 raiju (Lair:6)
  15 hornets
  A wind drake (Lair:3)
  5 slime creatures (D:13)
  24 blink frogs
  4 dream sheep (Lair:6)
  A fire dragon skeleton (D:15)
  A snapping turtle (Shoals:1)
  3 redbacks (Lair:6)
  53 yaks
  A tarantella (shapeshifter) (D:13)
  3 water elementals
  7 wraiths
  4 fire elementals (Volcano)
  24 humans
  13 wyverns
  A steam dragon (D:8)
  A yak (shapeshifter) (D:14)
  7 basilisks
  10 vampire mosquitoes
  31 nagas
  12 wargs
  2 acid dragons (D:13)
  15 water moccasins
  18 hell hounds
  A hornet zombie (D:7)
  13 black bears
  29 orc warriors
  2 sky beasts
  2 ice beasts
  4 necrophages
  9 ogres
  10 centaurs
  17 wolves
  2 phantoms
  10 kobold brigands
  Blork the orc (D:6)
  10 bullfrogs
  2 wyvern zombies (D:7)
  2 water moccasin skeletons (D:5)
  4 killer bees (D:9)
  4 lindwurm simulacra (IceCv)
  5 wights (D:10)
  3 electric eels
  4 howler monkeys
  A lava snake (D:9)
  2 bullfrog zombies
  8 centaur zombies
  4 komodo dragon simulacra (IceCv)
  21 orc priests
  3 jellies
  A bullfrog skeleton (D:6)
  A centaur skeleton (D:7)
  Natasha (thrice) (D:2)
  3 iguanas
  21 orc wizards
  A hound skeleton (D:4)
  A howler monkey zombie (D:9)
  3 gnolls (D:5)
  A howler monkey skeleton (D:7)
  6 acid dragon simulacra (IceCv)
  6 adders
  2 shadow imps (D:8)
  7 steam dragon simulacra (IceCv)
  2 adder skeletons (D:4)
  6 worms
  3 dart slugs
  83 orcs
  4 bats
  6 endoplasms
  2 giant cockroaches
  5 hobgoblins
  44 kobolds
  4 quokkas
  7 ball pythons
  4 frilled lizards
  12 goblins
  9 kobold skeletons (D:8)
  9 kobold zombies (D:8)
  A quokka skeleton (D:4)
  4 rats
936 creatures vanquished.

Vanquished Creatures (others)
  A yak (D:11)
  6 bushes (D:7)
  22 fungi
  86 plants
  7 withered plants (D:15)
122 creatures vanquished.

Grand Total: 1058 creatures vanquished

Notes
Turn   | Place    | Note
-------+----------+-------------------------------------------
     0 | D:1      | sdmvl the Gargoyle Earth Elementalist began the quest for
                  | the Orb.
     0 | D:1      | Reached XP level 1. HP: 10/10 MP: 3/3
   134 | D:1      | Reached XP level 2. HP: 15/15 MP: 5/5
   977 | D:2      | Identified a scroll of acquirement
   977 | D:2      | Acquired 1029 gold pieces
  1075 | D:2      | Reached XP level 3. HP: 16/19 MP: 6/6
  1743 | D:2      | Noticed Natasha
  1750 | D:2      | Killed Natasha
  1751 | D:2      | Reached skill level 5 in Earth Magic
  1751 | D:2      | Reached XP level 4. HP: 18/24 MP: 3/8
  2126 | D:2      | Acquired 1192 gold pieces
  2170 | D:2      | Found Ociahah's General Store.
  2293 | D:2      | Noticed Natasha
  2297 | D:2      | Killed Natasha
  2489 | D:2      | Noticed Natasha
  2499 | D:2      | Killed Natasha
  2500 | D:2      | Reached XP level 5. HP: 28/28 MP: 7/10
  2657 | D:3      | Found a faded altar of an unknown god.
  3698 | D:4      | Noticed a centaur
  3715 | D:4      | Killed a centaur
  3716 | D:4      | Reached XP level 6. HP: 22/32 MP: 7/12
  4595 | D:4      | Reached XP level 7. HP: 15/36 MP: 12/14
  4814 | D:5      | Entered Level 5 of the Dungeon
  4824 | D:5      | Reached skill level 5 in Spellcasting
  4848 | D:5      | Learned a level 3 spell: Stone Arrow
  5034 | D:5      | Reached skill level 1 in Conjurations
  5040 | D:5      | Found a runed translucent gate.
  5043 | D:5      | Found a runed translucent gate.
  5043 | D:5      | Noticed anet's ghost (novice GnDe)
  5044 | D:5      | Found a runed translucent gate.
  5044 | D:5      | Identified the +7 dagger of Fan Qipt {holy, Dex+3}
  5044 | D:5      | Identified the +1 ring mail of Chill Winds {Rampage Str+4}
  5062 | D:5      | Reached XP level 8. HP: 41/41 MP: 10/16
  5277 | D:5      | Found a snail-covered altar of Cheibriados.
  5350 | D:5      | You fall into a shaft and drop 2 floors!
  5388 | D:7      | HP: 2/41 [human (10)]
  5392 | D:7      | Reached XP level 9. HP: 14/45 MP: 5/17
  5479 | D:7      | Noticed Joseph
  5486 | D:7      | Killed Joseph
  5647 | D:5      | Found a staircase to the Ecumenical Temple.
  5653 | Temple   | Entered the Ecumenical Temple
  5928 | D:5      | Found a sparkling altar of Nemelex Xobeh.
  6332 | D:5      | Killed anet's ghost
  6333 | D:5      | Reached skill level 1 in Fighting
  6333 | D:5      | Reached skill level 1 in Maces & Flails
  6333 | D:5      | Reached skill level 1 in Armour
  6333 | D:5      | Reached skill level 1 in Evocations
  6653 | D:6      | Noticed Blork the orc
  6656 | D:6      | Killed Blork the orc
  7486 | D:7      | Found an ancient bone altar of Kikubaaqudgha.
  7587 | D:7      | Reached XP level 10. HP: 53/53 MP: 19/19
  7877 | D:7      | Found a blossoming altar of Fedhas.
  8068 | D:7      | Noticed Harold
  8083 | D:7      | Killed Harold
  8161 | D:7      | Reached skill level 10 in Conjurations
  9069 | D:8      | Noticed a kobold demonologist
  9070 | D:8      | Found an ancient bone altar of Kikubaaqudgha.
  9107 | D:8      | Found a hazy altar of Hepliaklqana.
  9833 | D:8      | Killed a kobold demonologist
 10414 | D:9      | Found a staircase to the Orcish Mines.
 10437 | D:9      | Reached XP level 11. HP: 39/61 MP: 21/21
 10681 | D:9      | Identified the +8 whip "Gaigasul" {flame, Will+ rCorr}
 10917 | D:9      | Found a radiant altar of Vehumet.
 10927 | D:9      | Became a worshipper of Vehumet
 11058 | D:9      | Noticed a boulder beetle
 11066 | D:9      | Killed a boulder beetle
 11373 | D:9      | Noticed a deep elf pyromancer
 11376 | D:9      | Killed a deep elf pyromancer
 11565 | D:9      | Noticed a flayed ghost
 11569 | D:9      | Killed a flayed ghost
 11571 | D:9      | Noticed a four-headed hydra
 11576 | D:9      | Got the Handbook of Orientation
 11587 | D:9      | Noticed a manticore
 11592 | D:9      | Killed a manticore
 11668 | D:9      | Killed a four-headed hydra
 11669 | D:9      | Reached skill level 5 in Fighting
 11669 | D:9      | Reached skill level 5 in Armour
 11797 | D:9      | Noticed a cyclops
 11800 | D:9      | Killed a cyclops
 11842 | D:9      | Noticed a centaur warrior
 11848 | D:9      | Killed a centaur warrior
 12134 | D:10     | Entered Level 10 of the Dungeon
 12135 | D:10     | Upgraded the game from 0.28-a0-249-g9004c80361 to
                  | 0.28-a0-261-gc0b50483a2
 12144 | D:10     | Noticed a two-headed ogre
 12153 | D:10     | Killed a two-headed ogre
 12367 | D:10     | HP: 2/64 [wight (6)]
 12828 | D:10     | Found a staircase to the Lair.
 12833 | D:10     | Reached * piety under Vehumet
 12833 | D:10     | Offered knowledge of Freeze by Vehumet.
 12835 | D:10     | Reached skill level 5 in Maces & Flails
 12862 | D:10     | Reached XP level 12. HP: 42/68 MP: 18/23
 13059 | D:10     | Reached skill level 10 in Earth Magic
 13858 | D:11     | Noticed an eight-headed hydra
 13865 | D:11     | Killed an eight-headed hydra
 14115 | D:11     | Reached skill level 5 in Evocations
 14339 | D:11     | Reached skill level 5 in Dodging
 14541 | D:11     | Noticed a two-headed ogre
 14546 | D:11     | Killed a two-headed ogre
 14840 | D:11     | Acquired sdmvl's Guide on Arcane Weapons
 14848 | D:11     | Learned a level 5 spell: Irradiate
 14914 | D:12     | Found a gate leading to a gauntlet.
 14924 | Gauntlet | Entered a Gauntlet
 14924 | Gauntlet | Found a transporter.
 14927 | Gauntlet | Found a transporter.
 14946 | Gauntlet | Found a transporter.
 14947 | Gauntlet | Found a transporter.
 14957 | Gauntlet | Found a transporter.
 14977 | Gauntlet | Found a transporter.
 14978 | Gauntlet | Noticed a hell hog
 14980 | Gauntlet | Found a transporter.
 14984 | Gauntlet | Found a transporter.
 15010 | Gauntlet | Found a transporter.
 15024 | Gauntlet | Found a transporter.
 15028 | Gauntlet | Found a transporter.
 15035 | Gauntlet | Noticed a great orb of eyes
 15036 | Gauntlet | Found a transporter.
 15115 | Gauntlet | Killed a great orb of eyes
 15407 | Gauntlet | Offered knowledge of Magic Dart by Vehumet.
 15434 | Gauntlet | Identified the +1 hat "Tahoofak" {Fly rF++ rC+ Regen+}
 15460 | Gauntlet | Acquired the ring of Zejet {Will+ Dex+4 Slay+4 SInv}
 15476 | Gauntlet | Noticed a minotaur
 15482 | Gauntlet | Killed a minotaur
 15482 | Gauntlet | Reached ** piety under Vehumet
 15487 | Gauntlet | Gained mutation: You are occasionally teleported next to
                  | monsters. [potion of mutation]
 15487 | Gauntlet | Gained mutation: You have large cloven feet. [potion of
                  | mutation]
 15487 | Gauntlet | Gained mutation: Your muscles are strong. (Str +2) [potion
                  | of mutation]
 15487 | Gauntlet | Gained mutation: Your movements are slightly less
                  | encumbered by armour. (ER -2) [potion of mutation]
 15488 | Gauntlet | Lost mutation: Your movements are slightly less encumbered
                  | by armour. (ER -2) [potion of mutation]
 15488 | Gauntlet | Lost mutation: You have large cloven feet. [potion of
                  | mutation]
 15488 | Gauntlet | Gained mutation: Your flesh is heat resistant. (rF+)
                  | [potion of mutation]
 15488 | Gauntlet | Gained mutation: Armour fits poorly on your strangely
                  | shaped body. [potion of mutation]
 15489 | Gauntlet | Lost mutation: Armour fits poorly on your strangely shaped
                  | body. [potion of mutation]
 15489 | Gauntlet | Lost mutation: Your muscles are strong. (Str +2) [potion of
                  | mutation]
 15489 | Gauntlet | Lost mutation: You are occasionally teleported next to
                  | monsters. [potion of mutation]
 15489 | Gauntlet | Gained mutation: You have a pair of small horns on your
                  | head. [potion of mutation]
 15973 | D:12     | Noticed a death knight
 15982 | D:12     | Reached XP level 13. HP: 61/76 MP: 24/25
 16505 | D:13     | Offered knowledge of Inner Flame by Vehumet.
 16704 | D:13     | Reached *** piety under Vehumet
 16745 | D:13     | Noticed a vault guard
 16868 | D:13     | Killed a vault guard
 16951 | D:13     | Found a gate to the Vaults.
 18406 | D:14     | Found a hazy altar of Hepliaklqana.
 18425 | D:14     | Offered knowledge of Sticky Flame by Vehumet.
 19079 | D:14     | Gained mutation: Your large and strong wings let you fly.
                  | [Gargoyle growth]
 19079 | D:14     | Reached XP level 14. HP: 51/84 MP: 27/27
 19433 | D:14     | Identified the ring of Descent {Fire Drain rElec Slay+3}
 19871 | Lair:1   | Entered Level 1 of the Lair of Beasts
 19979 | Lair:1   | Reached **** piety under Vehumet
 19990 | Lair:1   | Found a dark tunnel.
 19995 | Volcano  | Entered a volcano
 20187 | Volcano  | Offered knowledge of Yara's Violent Unravelling by Vehumet.
 20433 | Volcano  | Identified the ring of Ridu {*Corrode rElec MP+9 EV+4
                  | Str+3}
 21920 | Lair:2   | Found a staircase to the Snake Pit.
 22649 | Lair:3   | Reached ***** piety under Vehumet
 22672 | Lair:3   | Offered knowledge of Lee's Rapid Deconstruction by Vehumet.
 22840 | Lair:3   | Found a staircase to the Shoals.
 23221 | Lair:4   | Acquired 888 gold pieces
 23244 | Lair:4   | Found a runed translucent door.
 23245 | Lair:4   | Found a shimmering altar of Xom.
 23245 | Lair:4   | Noticed FIQ's ghost (journeyman DjFE)
 23688 | Lair:4   | Learned a level 5 spell: Lee's Rapid Deconstruction
 24299 | Lair:5   | Noticed Colgate's ghost (journeyman HOBe)
 24299 | Lair:5   | Found a transporter.
 24300 | Lair:5   | Found a transporter.
 24479 | Lair:5   | Reached XP level 15. HP: 91/91 MP: 28/28
 25299 | Lair:6   | Entered Level 6 of the Lair of Beasts
 25303 | Lair:6   | Reached skill level 10 in Spellcasting
 25515 | Lair:6   | Noticed Snorg
 25548 | Lair:6   | Killed Snorg
 25700 | Lair:6   | Reached skill level 10 in Fighting
 25765 | Lair:6   | Found the +7 great mace "Firestarter" {inner flame, rF++}
 26135 | Lair:6   | Offered knowledge of Iron Shot by Vehumet.
 26323 | Lair:6   | Learned a level 6 spell: Iron Shot
 26934 | Lair:6   | Found a viscous altar of Jiyva.
 26934 | Lair:6   | Found a staircase to the Slime Pits.
 27120 | Lair:6   | Offered knowledge of Lightning Bolt by Vehumet.
 27399 | Orc:1    | Entered Level 1 of the Orcish Mines
 27541 | Orc:2    | Entered Level 2 of the Orcish Mines
 27558 | Orc:2    | Found a frozen archway.
 27571 | IceCv    | Entered an ice cave
 27605 | IceCv    | Reached XP level 16. HP: 97/99 MP: 6/30
 28164 | Orc:1    | Noticed Josephine
 28165 | Orc:1    | Offered knowledge of Bolt of Magma by Vehumet.
 28171 | Orc:1    | Killed Josephine
 28771 | Orc:2    | Found Tupnuxan's Antique Armour Shop.
 28951 | Orc:2    | Learned a level 5 spell: Bolt of Magma
 28951 | Orc:2    | Found Diriryawn's General Store.
 29015 | Orc:2    | Reached skill level 10 in Maces & Flails
 29211 | Orc:2    | Found Esmyreok's Book Shop.
 29240 | Orc:2    | Found a staircase to the Elven Halls.
 29359 | Orc:2    | Found Seokimur's Antique Weapon Shop.
 29686 | D:15     | Entered Level 15 of the Dungeon
 29721 | D:15     | Found a staircase to the Depths.
 29981 | D:15     | Reached ****** piety under Vehumet
 30064 | D:15     | Offered knowledge of Conjure Ball Lightning by Vehumet.
 30774 | Snake:1  | Entered Level 1 of the Snake Pit
 30843 | Snake:1  | Reached skill level 1 in Fire Magic
 31168 | Snake:1  | Found Ocoraib's Book Boutique.
 31179 | Snake:1  | Bought a book of the Earth for 560 gold pieces
 31260 | Snake:1  | Reached XP level 17. HP: 60/104 MP: 32/32
 31412 | Snake:1  | Found Siril's Antique Armour Shoppe.
 31418 | Snake:1  | Found Ruiwoss's Book Emporium.
 31420 | Snake:1  | Found Ilal's Jewellery Shop.
 31420 | Snake:1  | Found Seokimur's Weapon Shoppe.
 32546 | Snake:2  | Offered knowledge of Eringya's Noxious Bog by Vehumet.
 33075 | Snake:3  | Found Onisawk's Distillery.
 33089 | Snake:3  | Reached skill level 10 in Evocations
 33095 | Snake:3  | Bought a potion of haste for 200 gold pieces
 33095 | Snake:3  | Bought a potion of curing for 60 gold pieces
 33095 | Snake:3  | Bought a potion of might for 80 gold pieces
 33095 | Snake:3  | Bought a potion of curing for 60 gold pieces
 33095 | Snake:3  | Bought a potion of haste for 200 gold pieces
 33095 | Snake:3  | Bought a potion of heal wounds for 100 gold pieces
 33095 | Snake:3  | Bought a potion of curing for 60 gold pieces
 33095 | Snake:3  | Bought a potion of curing for 60 gold pieces
 33095 | Snake:3  | Bought a potion of mutation for 160 gold pieces
 33252 | Snake:3  | Noticed Nikola
 33262 | Snake:3  | Killed Nikola
 33527 | Snake:3  | Reached skill level 5 in Fire Magic
 34064 | Shoals:1 | Entered Level 1 of the Shoals
 34271 | Shoals:1 | Noticed Roxanne
 34271 | Shoals:1 | Noticed Frances
 34277 | Shoals:1 | Killed Roxanne
 34308 | Shoals:1 | HP: 4/106 [Frances (18)]
 34309 | Shoals:1 | Mangled by Frances

Illustrated notes

Levels and vault maps discovered:
D:1:      grunt_arrival_lava_bath, layout_basic, serial_glass, glass_columns_b,
          glass_columns_b, minmay_misc_feat_tiny, minmay_crystal_room,
          item_on_display_a
D:2:      layout_basic, serial_shops, shop, minmay_randomly_rotated_circles,
          uniq_natasha
D:3:      layout_basic, chequers_ecumenical_altar_simple,
          chequers_serial_rivers_small_b, st_stairs_13, lightli_corner_chamber
D:4:      layout_layer_cave
D:5:      layout_cave_pools, lemuel_coloured_pillars_altar,
          mainiacjoe_overflow_alcove_1, minmay_temple_entry_hall,
          biasface_ghost_orc_armoury, minivault_27
D:6:      layout_loops_cross, minivault_19, uniq_blork_the_orc
D:7:      layout_loops_ring, overflow_temple_1_default,
          fedhas_altar_decomposition, minmay_misc_feat_columns,
          nrook_loot_triangle, grunt_ministairs_7, minivault_5,
          minmay_misc_feat_enclosed, ebering_dispersal_statue_hall,
          minmay_ruffians, uniq_joseph, uniq_harold
D:8:      wander_kiku_kobolds, layout_gridville,
          mainiacjoe_overflow_tiny_flanked
D:9:      layout_roguey, general_overflow_altar, david_orc_3,
          nicolae_lava_and_water, minmay_evil_grid
D:10:     layout_roguey, erik_lair_orcish_takeover
D:11:     layout_gridville
D:12:     layout_roguey, gauntlet_entry_generic
D:13:     layout_grid_maze, grunt_vaults_entry_tiered, grunt_decor_one_mirror
D:14:     layout_irregular_city, nicolae_hepliaklqana_hazy_memory
D:15:     gammafunk_depths_entry_grave, layout_cave_pools,
          chequers_serial_rivers_large_a, hive_lemuel
Temple:   eino_temple_scatter_basement
Lair:1:   layout_misc_corridors, nicolae_volcano_entry_lava_flow,
          grunt_megastairs_5, infiniplex_staircase_pool_2
Lair:2:   layout_cave_pods, dummy_snake_entry
Lair:3:   layout_misc_corridors, minmay_shoals_entry_beasts,
          amcnicky_mini_pool_medium
Lair:4:   layout_cave_pods, ebering_ghost_xom
Lair:5:   layout_regular_city, gammafunk_ghost_arena, roderic_carrion_pond
Lair:6:   hangedman_lair_tendril_chambers, layout_regular_city,
          hangedman_lair_caniforms_friends, dpeg_slime_entry_enclosed_altar,
          dpeg_oklob_1, uniq_snorg
Shoals:1: layout_shoals, gammafunk_ghost_abyssal_escape, uniq_roxanne,
          uniq_frances
Snake:1:  layout_chambers, serial_shops, nicolae_shop_trees,
          nicolae_wooded_promenade, grunt_ministairs_4, grunt_megastairs_4
Snake:2:  layout_misc_corridors
Snake:3:  layout_honeycomb, serial_shops, shop, uniq_nikola
Orc:1:    layout_caves, uniq_josephine
Orc:2:    grunt_orc_cross, layout_caves, portal_ice_cave_entry_pillars_1,
          nicolae_orc_flooded_monolith, kennysheep_orc_chapel

Skill      XL: |  1  2  3  4  5  6  7  8  9 10 11 12 13 14 15 16 17 |
---------------+----------------------------------------------------+-----
Earth Magic    | 4 5 6 7 8 9 10 11 12 13 14 | 14.5
Spellcasting   | 3 4 5 6 7 8 9 10 11 | 11.4
Conjurations   | 3 8 9 10 11 12 13 14 | 14.6
Fighting       | 2 4 5 7 8 9 10 11 | 11.9
Maces & Flails | 2 3 5 6 7 8 9 10 | 10.9
Armour         | 2 4 5 6 |  6.0
Dodging        | 2 3 4 5 6 7 8 9 |  9.5
Evocations     | 2 3 4 5 6 7 8 9 10 | 10.0
Fire Magic     | 2 5 |  5.4
Stealth        | |  2.1
Transmutations | |  0.7

Action                   |  1- 3 |  4- 6 |  7- 9 | 10-12 | 13-15 | 16-18 || total
-------------------------+-------+-------+-------+-------+-------+-------++-------
Melee: Short sword       |    88 |   185 |     8 |       |       |       ||   281
       Whip              |       |       |    67 |   124 |   378 |       ||   569
       Dagger            |       |       |    33 |   268 |       |       ||   301
       Headbutt          |       |       |       |     1 |   116 |    87 ||   204
       Great mace        |       |       |       |       |   216 |   456 ||   672
 Cast: Sandblast         |    17 |    18 |    51 |   141 |    63 |       ||   290
       Stone Arrow       |       |       |    17 |    89 |   293 |       ||   399
       Lee's Rapid Decon |       |       |       |       |    17 |    11 ||    28
       Iron Shot         |       |       |       |       |     3 |    23 ||    26
       Irradiate         |       |       |       |       |       |     2 ||     2
Evoke: Wand              |       |       |     8 |    32 |    16 |     7 ||    63
       Lightning rod     |       |       |       |     4 |    11 |     1 ||    16
       Phial of floods   |       |       |       |     1 |     2 |     1 ||     4
  Use: Scroll            |     6 |     6 |     3 |    13 |    19 |     2 ||    49
       Potion            |       |       |     1 |     7 |     1 |     9 ||    18
 Stab: Sleeping          |     6 |     3 |     3 |       |     4 |     5 ||    21
       Distracted        |       |     1 |       |       |       |       ||     1
       Betrayed ally     |       |       |       |     1 |       |       ||     1
Armor: Robe              |    32 |    98 |    83 |   308 |   379 |   272 ||  1172
Dodge: Dodged            |    48 |   165 |   107 |   469 |   639 |   487 ||  1915

Table legend: (Time is in decaauts)
 A = Elapsed time spent in this place.
 B = Non-inter-level travel time spent in this place.
 C = Inter-level travel time spent in this place.
 D = Time resting spent in this place.
 E = Time spent auto-exploring this place.
 F = Levels seen in this place.
 G = Mean time per level.
                   A        B        C        D        E       F      G
               +--------+--------+--------+--------+--------+-----+--------+
         Total |  34361 |  32480 |   1881 |   3520 |  22453 |  31 | 1108.4 |
       Dungeon |  20331 |  19340 |    991 |   2443 |  13583 |  15 | 1355.4 |
        Temple |    184 |    166 |     18 |      0 |    152 |   1 |  184.0 |
          Lair |   7032 |   6440 |    592 |    187 |   4831 |   6 | 1172.0 |
        Shoals |    249 |    249 |      0 |      0 |    141 |   1 |  249.0 |
     Snake Pit |   3294 |   3160 |    134 |    171 |   2377 |   3 | 1098.0 |
  Orcish Mines |   1714 |   1570 |    144 |    150 |    934 |   2 |  857.0 |
      Ice Cave |    487 |    487 |      0 |    132 |    149 |   1 |  487.0 |
       Volcano |    496 |    496 |      0 |    247 |     76 |   1 |  496.0 |
      Gauntlet |    570 |    570 |      0 |    190 |    209 |   1 |  570.0 |
               +--------+--------+--------+--------+--------+-----+--------+

Top non-repeatable levels by time:
    D:13: 2471 daAuts
  Lair:6: 1984 daAuts
     D:9: 1842 daAuts
 Snake:1: 1791 daAuts
     D:8: 1746 daAuts
     D:7: 1717 daAuts
    D:11: 1600 daAuts
     D:2: 1571 daAuts
    D:10: 1332 daAuts
    D:14: 1256 daAuts
     D:5: 1185 daAuts
     D:3: 1166 daAuts
  Lair:2: 1149 daAuts
  Lair:4: 1147 daAuts
   Orc:2: 1146 daAuts
